 Dungeon Crawl Stone Soup version 0.30-a0-34-gbe8da3892a (webtiles) character file.

Game seed: 14654319933661278932

4051 Pendel the Covert (level 10, -1/45 HPs)
             Began as a Spriggan Enchanter on Aug 27, 2022.
             Hit by a large rock thrown by a cyclops (46 damage)
             ... on level 8 of the Dungeon.
             The game lasted 00:22:33 (8099 turns).

Pendel the Covert (Spriggan Enchanter)              Turns: 8099, Time: 00:22:33

Health: -1/45      AC:  5    Str:  8    XL:     10   Next: 4%
Magic:  23/25      EV: 18    Int: 17    God:
Gold:   330        SH:  0    Dex: 18    Spells: 18/29 levels left

rFire   . . .      SeeInvis +    a - +2 dagger (venom)
rCold   . . .      Faith    .    (no shield)
rNeg    + . .      Spirit   .    b - +0 robe
rPois   .          Reflect  .    (helmet restricted)
rElec   .          Harm     .    j - +2 cloak
rCorr   .          Rampage  .    (gloves unavailable)
Will    +....                    (boots unavailable)
Stlth   ++++++....               g - amulet of regeneration
HPRegen 0.95/turn                f - ring of flight
MPRegen 0.19/turn                n - ring of positive energy

@: flying, very quick
A: very small, no large weapons, unfitting armour, see invisible, speed 3, thin
skeletal structure 1, wild magic 2
a: no special abilities


You were on level 8 of the Dungeon.
You visited 2 branches of the dungeon, and saw 9 of its levels.

You collected 356 gold pieces.
You spent 26 gold pieces at shops.

Inventory:

Hand Weapons
 a - a +2 dagger of venom (weapon)
 l - a +2 dagger of protection
Missiles
 i - 6 curare-tipped darts (quivered)
 o - a throwing net
Armour
 b - a +0 robe (worn)
 j - a +2 cloak (worn)
Jewellery
 f - a ring of flight (left hand)
 g - an amulet of regeneration (around neck)
 n - a ring of positive energy (right hand)
Wands
 h - a wand of flame (15)
 p - a wand of digging (11)
 w - a wand of acid (22)
 y - a wand of roots (5)
 B - a wand of charming (5)
Scrolls
 t - a scroll of amnesia
 u - 5 scrolls of teleportation
 x - a scroll of vulnerability
 A - a scroll of fear
 E - a scroll of blinking
 F - a scroll of enchant armour
Potions
 c - 3 potions of invisibility
 d - 5 potions of curing
 e - a potion of might
 k - a potion of ambrosia
 m - a potion of magic
 q - a potion of brilliance
 r - a potion of resistance
 s - 3 potions of heal wounds
 v - 4 potions of flight
 z - 4 potions of mutation
 D - a potion of lignification {unknown}


   Skills:
 + Level 1.3 Fighting
 + Level 2.4 Short Blades
 + Level 3.8 Dodging
 + Level 12.4 Stealth
 + Level 10.4 Spellcasting
 + Level 10.7 Hexes


You had 18 spell levels left.
You knew the following spells:

 Your Spells              Type           Power      Damage    Failure   Level
a - Ensorcelled Hibernat  Hex/Ice        86%        N/A       4%          2
b - Tukima's Dance        Hex            64%        N/A       1%          3
c - Dazzling Flash        Conj/Hex       86%        N/A       8%          3
d - Confusing Touch       Hex            64%        N/A       1%          3

Your spell library contained the following spells:

 Spells                   Type           Power      Damage    Failure   Level
 Summon Guardian Golem    Hex/Summ       43%        N/A       8%          3
 Sting                    Tmut/Pois      56%        1d5       19%         1
 Summon Small Mammal      Summ           56%        N/A       19%         1
 Poisonous Vapours        Pois/Air       28%        N/A       24%         2
 Call Canine Familiar     Summ           14%        N/A       41%         3
 Gell's Gravitas          Tloc           14%        N/A       41%         3
 Lesser Beckoning         Tloc           14%        N/A       41%         3
 Teleport Other           Tloc           14%        N/A       41%         3
 Olgreb's Toxic Radiance  Pois           14%        N/A       78%         4
 Orb of Destruction       Conj           7%         9d6       100%        7
 Spellforged Servitor     Conj/Summ      7%         N/A       100%        7


Dungeon Overview and Level Annotations

Branches:
Dungeon (8/15)             Temple (1/1) D:5
   Lair: D:8-11

Altars:
Cheibriados
Gozag
Hepliaklqana
Kikubaaqudgha
Makhleb
Nemelex Xobeh
Okawaru
Qazlal
Ru
Sif Muna
Trog
Uskayaw
Wu Jian
Xom
Yredelemnul
Zin
The Shining One

Shops:
D:2 *[=(


Innate Abilities, Weirdness & Mutations

You are very small and have problems with some larger weapons.
You are too small for most types of armour.
You have supernaturally acute eyesight. (SInv)
You cover ground extremely quickly. (Speed+++)
You have a somewhat thin skeletal structure. (Dex +2, Stealth+)
Your spells are harder to cast, but more powerful.


Message History

The orc is heavily wounded.
You hit the orc.
You kill the orc!
The helpless orc fails to defend itself.
You perforate the orc like a sieve!!!
You kill the orc!
Found a book of Dangerous Friends.
A dart slug comes into view.
The helpless orc fails to defend itself.
You skewer the orc like a kebab!!!
You kill the orc!
Found a snail-covered altar of Cheibriados.
A dart slug is nearby!
You hit the dart slug.
The dart slug is moderately wounded.
You hit the dart slug.
The dart slug is poisoned.
The dart slug is heavily wounded.
The dart slug misses you.
You hit the dart slug.
The dart slug looks as sick as possible!
The dart slug is almost dead.
You kill the dart slug!
No target in view!
You pick up a book of Dangerous Friends and begin reading...
You add the spells Orb of Destruction and Spellforged Servitor to your library.
You reach down and open the door.
There is an open door here.
A cyclops comes into view.
The cyclops moves out of view.
Found a chain mail and a wand of charming (8).
Casting: Ensorcelled Hibernation (safe; 4% risk of failure)
Confirm with . or Enter, or press ? or * to list all spells.
Aiming: Ensorcelled Hibernation (safe; 4% risk of failure)
Press: ? - help, Shift-Dir - straight line, f - cyclops
Aim: a cyclops, quivering large rocks (wandering, hasn't noticed you, chance to affect: 50%)
The cyclops shouts!
The cyclops resists with some effort.
The cyclops throws a large rock.
The large rock hits you!!!
Ouch! That really hurt!
You die...

.. ######.# #.# #.#....#
#.# #.#....# #.#
#.#....# ##########
#.###.#....# #.........
......'....# #/........
......#....# #.C.......
...##.#....# #.[.......
...##.#....# #.@.......
........##.####.........
........................
#..##.####.####.........
#..##.# #.# #.........
......# ### #####.....
...... ##### .......
#######


You could see a cyclops.

Vanquished Creatures
  2 hornets
  A shadow (D:6)
  A steam dragon (D:6)
  An acid dragon (D:7)
  Duvessa (D:6)
  An orc warrior (D:6)
  3 black bears
  2 ice beasts
  4 sky beasts
  An ogre (D:7)
  A centaur (D:6)
  2 phantoms (D:6)
  A necrophage (D:6)
  3 bullfrogs
  3 scorpions
  Dowan (D:6)
  6 killer bees (D:7)
  2 howler monkeys
  10 hounds
  A jelly (D:6)
  4 orc priests
  7 iguanas
  Terence (D:2)
  5 orc wizards
  3 gnolls (D:3)
  16 adders
  2 white imps
  An ufetubus (D:6)
  2 worms (D:2)
  2 dart slugs
  29 orcs
  8 ball pythons
  5 endoplasms
  A giant cockroach (D:1)
  9 goblins
  6 hobgoblins
  8 jackals
  3 quokkas
  6 bats
  4 frilled lizards
  7 kobolds
  4 rats
180 creatures vanquished.

Vanquished Creatures (collateral kills)
  3 orcs
3 creatures vanquished.

Grand Total: 183 creatures vanquished

Notes
Turn   | Place    | Note
-------+----------+-------------------------------------------
     0 | D:1      | Pendel the Spriggan Enchanter began the quest for the Orb.
     0 | D:1      | Reached XP level 1. HP: 9/9 MP: 5/5
   505 | D:1      | Reached XP level 2. HP: 13/13 MP: 7/7
   511 | D:1      | Learned a level 2 spell: Ensorcelled Hibernation
   899 | D:1      | Found a faded altar of an unknown god.
  1440 | D:1      | Reached XP level 3. HP: 11/16 MP: 9/9
  1444 | D:1      | Learned a level 3 spell: Tukima's Dance
  1448 | D:1      | Learned a level 3 spell: Confusing Touch
  1967 | D:2      | Found Veutudop's Weapon Shoppe.
  2091 | D:2      | Found Ocegugoi's Armour Boutique.
  2173 | D:2      | Gained mutation: You have a somewhat thin skeletal
                  | structure. (Dex +2, Stealth+) [potion of mutation]
  2173 | D:2      | Gained mutation: Your spells are a little harder to cast,
                  | but a little more powerful. [potion of mutation]
  2173 | D:2      | Gained mutation: Your spells are harder to cast, but more
                  | powerful. [potion of mutation]
  2221 | D:2      | Found Ment's General Store.
  2229 | D:2      | Bought a scroll of identify for 26 gold pieces
  2335 | D:2      | Noticed Terence
  2340 | D:2      | Killed Terence
  2341 | D:2      | Reached skill level 5 in Hexes
  2341 | D:2      | Reached XP level 4. HP: 21/21 MP: 11/11
  2466 | D:2      | Found Hiatuq's Jewellery Shoppe.
  2861 | D:3      | Found a shimmering altar of Xom.
  2906 | D:3      | Reached XP level 5. HP: 24/24 MP: 4/13
  2910 | D:3      | Learned a level 3 spell: Dazzling Flash
  2988 | D:3      | Found a hide-covered altar of Uskayaw.
  2988 | D:3      | Found a sparkling altar of Nemelex Xobeh.
  3032 | D:3      | Reached skill level 5 in Spellcasting
  3176 | D:3      | Reached skill level 5 in Stealth
  3298 | D:3      | Found an ornate altar of the Wu Jian Council.
  3650 | D:3      | Found a shimmering blue altar of Sif Muna.
  3793 | D:3      | Reached XP level 6. HP: 28/28 MP: 15/15
  4019 | D:4      | Found an iron altar of Okawaru.
  4605 | D:4      | Found an ancient bone altar of Kikubaaqudgha.
  4852 | D:4      | Reached skill level 6 in Stealth
  4980 | D:5      | Entered Level 5 of the Dungeon
  5034 | D:5      | Reached XP level 7. HP: 32/32 MP: 4/17
  5135 | D:5      | Found a staircase to the Ecumenical Temple.
  5150 | Temple   | Entered the Ecumenical Temple
  5289 | D:5      | Reached skill level 7 in Stealth
  5829 | D:6      | Reached skill level 8 in Stealth
  5872 | D:6      | Found a basalt altar of Yredelemnul.
  5903 | D:6      | Reached XP level 8. HP: 36/36 MP: 20/20
  5926 | D:6      | Found a hazy altar of Hepliaklqana.
  5927 | D:6      | Noticed Duvessa
  5929 | D:6      | Noticed Dowan
  5946 | D:6      | Killed Duvessa
  5966 | D:6      | Killed Dowan
  5977 | D:6      | Reached skill level 9 in Stealth
  6689 | D:6      | Reached skill level 10 in Stealth
  6771 | D:6      | Noticed a hornet
  6774 | D:6      | Killed a hornet
  6775 | D:6      | Reached XP level 9. HP: 39/39 MP: 21/23
  6855 | D:6      | Reached skill level 11 in Stealth
  7049 | D:7      | Reached skill level 10 in Hexes
  7193 | D:7      | Reached skill level 12 in Stealth
  7193 | D:7      | Reached skill level 10 in Spellcasting
  7514 | D:7      | Reached skill level 1 in Fighting
  7652 | D:7      | Reached XP level 10. HP: 8/45 MP: 22/25
  8044 | D:8      | Found a burning altar of Makhleb.
  8058 | D:8      | Found a snail-covered altar of Cheibriados.
  8095 | D:8      | Noticed a cyclops
  8099 | D:8      | Hit by a large rock thrown by a cyclops

Illustrated notes

Levels and vault maps discovered:
D:1:      shiori_arrival_maze, layout_basic, dreamdust_ecumenical_altar_statues,
          minmay_split_cup_small
D:2:      layout_basic, serial_shops, shop, nicolae_lakefront_shop,
          nicolae_shop_bloodbath_and_beyond, nicolae_shop_statue_plus,
          uniq_terence
D:3:      layout_basic, led_sif_pool, mainiacjoe_overflow_concentric_impassable,
          old_standard_altar, mainiacjoe_overflow_divided_tiny
D:4:      layout_basic, nicolae_kikubaaqudgha_miasma_corner,
          mainiacjoe_overflow_catwalk
D:5:      layout_cave_pools, temple_fountains, serial_glass, glass_columns_a,
          glass_columns_c, hangedman_abyss_or_decor_passed
D:6:      kennysheep_windowed_halls, layout_loops_ring, lemuel_round_altar,
          mainiacjoe_overflow_chevrons, uniq_duvessa
D:7:      layout_basic, chequers_mini_garden, minmay_circle_x
D:8:      layout_basic, mainiacjoe_overflow_small_starburst,
          kennysheep_slug_shrine, lightli_orcish_oven
Temple:   nicolae_temple_ecumenical_triangle

Skill      XL: |  1  2  3  4  5  6  7  8  9 |
---------------+----------------------------+-----
Spellcasting   | 3 4 5 6 7 9 10 | 10.4
Hexes          | 4 5 6 7 9 10 | 10.7
Stealth        | 5 6 8 10 12 | 12.4
Dodging        | 3 |  3.8
Fighting       | 1 |  1.3
Short Blades   | 2 |  2.4

Action                   |  1- 3 |  4- 6 |  7- 9 | 10-12 || total
-------------------------+-------+-------+-------+-------++-------
Melee: Dagger            |   114 |   121 |   255 |    13 ||   503
       Punch             |     1 |     4 |     3 |       ||     8
 Cast: Ensorcelled Hiber |     1 |    25 |    27 |     4 ||    57
       Tukima's Dance    |       |     3 |     1 |       ||     4
       Confusing Touch   |       |       |     3 |       ||     3
  Use: Scroll            |    13 |     4 |     7 |     1 ||    25
       Potion            |     1 |     1 |     2 |     1 ||     5
 Stab: Sleeping          |    10 |    23 |    42 |     3 ||    78
       Distracted        |       |     1 |     4 |       ||     5
       Confused          |       |       |     4 |       ||     4
Armor: Robe              |     8 |    12 |    40 |     1 ||    61
Dodge: Dodged            |    69 |    90 |   181 |     5 ||   345

Table legend: (Time is in decaauts)
 A = Elapsed time spent in this place.
 B = Non-inter-level travel time spent in this place.
 C = Inter-level travel time spent in this place.
 D = Time resting spent in this place.
 E = Time spent auto-exploring this place.
 F = Levels seen in this place.
 G = Mean time per level.
                   A        B        C        D        E       F      G
               +--------+--------+--------+--------+--------+-----+--------+
         Total |   5928 |   5792 |    136 |    119 |   4395 |   9 |  658.7 |
       Dungeon |   5857 |   5725 |    132 |    119 |   4387 |   8 |  732.1 |
        Temple |     70 |     66 |      4 |      0 |      8 |   1 |   70.0 |
               +--------+--------+--------+--------+--------+-----+--------+

Top non-repeatable levels by time:
     D:1: 1548 daAuts
     D:6: 904 daAuts
     D:3: 785 daAuts
     D:4: 717 daAuts
     D:7: 653 daAuts
     D:2: 647 daAuts
     D:5: 506 daAuts
     D:8: 95 daAuts
  Temple: 70 daAuts
